 Dungeon Crawl Stone Soup version 0.31.0 (webtiles) character file.

Game seed: 17489244311082969944

162400 mtoz the Severer (level 17, -13/162 HPs)
             Began as a Minotaur Berserker on Jan 19, 2024.
             Was a Priest of Trog.
             Killed from afar by a merfolk aquamancer (19 damage)
             ... with a torrent of water
             ... on level 4 of the Shoals on Jan 20, 2024.
             The game lasted 02:46:24 (29447 turns).

mtoz the Severer (Minotaur Berserker)              Turns: 29447, Time: 02:46:24

Health: -13/162    AC: 35    Str: 27    XL:     17   Next: 22%
Magic:  14/16      EV: 13    Int:  4    God:    Trog [***...]
Gold:   2458       SH:  0    Dex: 10    Spells: 16/16 levels left

rFire   + . .        d - +6 executioner's axe (heavy)
rCold   + + +        (shield currently unavailable)
rNeg    + . .        B - +8 plate armour of the Dungeon {rN+}
rPois   .            (helmet restricted)
rElec   .            Z - +1 cloak {Will+}
rCorr   .            p - +2 pair of gloves {infuse}
SInv    +            M - +1 pair of boots of the Tired Artists {rC+ SInv}
Will    +++++        V - amulet of regeneration Stlth
                     s - ring of willpower
HPRegen 2.27/turn    O - ring of Yrykufuuru {Wiz Fly rF+ rC++ Str-3}
MPRegen 0.15/turn

%: wizardry (x1), infuse magic (1 MP)
@: strong-willed (expiring), flying, regenerating (expiring)
A: horns 2, retaliatory headbutt, inability to read after injury 1
a: Renounce Religion, Berserk, Trog's Hand


You were on level 4 of the Shoals.
You worshipped Trog.
Trog was most pleased with you.
You visited 8 branches of the dungeon, and saw 30 of its levels.
You visited 1 bazaar.
You also visited: Gauntlet and Volcano.

You collected 3348 gold pieces.
You spent 890 gold pieces at shops.

Inventory:

Hand Weapons
 d - a +6 heavy executioner's axe (weapon)
 h - the +6 shillelagh "Devastator" {shatter}
   (You found it on level 11 of the Dungeon)
 C - the +4 flail of Kismet {vamp, Int+6 Dex+3}
   (You found it on level 15 of the Dungeon)

   Int+6:     It affects your intelligence (+6).
   Dex+3:     It affects your dexterity (+3).
Armour
 p - a +2 pair of gloves of infusion (worn)
 B - the +8 plate armour of the Dungeon (worn) {rN+}
   (You bought it in a shop on level 10 of the Dungeon)

   rN+:       It protects you from negative energy.
 M - the +1 pair of boots of the Tired Artists (worn) {rC+ SInv}
   (You found it in a Gauntlet)

   rC+:       It protects you from cold.
   SInv:      It lets you see invisible.
 X - +0 ice dragon scales
 Z - a +1 cloak of willpower (worn)
Jewellery
 e - a ring of willpower
 i - a ring of flight
 j - a ring of protection from fire
 q - a +6 ring of strength
 s - a ring of willpower (left hand)
 D - a ring of see invisible
 L - an amulet of magic regeneration
 O - the ring of Yrykufuuru (right hand) {Wiz Fly rF+ rC++ Str-3}
   (You found it on level 5 of the Lair of Beasts)

   [ring of wizardry]

   Wiz:       It improves your spell success rate.
   Str-3:     It affects your strength (-3).
   rF+:       It protects you from fire.
   rC++:      It greatly protects you from cold.
   Fly:       It grants you flight.
 P - a ring of magical power
 R - a ring of resist corrosion
 V - an amulet of regeneration (around neck)
Talismans
 S - a flux talisman
Wands
 b - a wand of roots (26)
 u - a wand of quicksilver (7)
 w - a wand of polymorph (5)
 H - a wand of flame (10)
 N - a wand of charming (21)
Scrolls
 a - 4 scrolls of noise
 l - 5 scrolls of fog
 m - a scroll of silence
 n - 3 scrolls of immolation
 r - 3 scrolls of fear
 v - 4 scrolls of identify
 y - 3 scrolls of vulnerability
 z - a scroll of brand weapon
 F - 2 scrolls of torment
 J - 4 scrolls of teleportation
 K - 3 scrolls of enchant armour
 Q - 5 scrolls of poison
 U - 2 scrolls of revelation
Potions
 c - 3 potions of invisibility
 f - 9 potions of curing
 g - a potion of enlightenment
 o - a potion of heal wounds
 t - 3 potions of attraction
 A - 2 potions of resistance
 E - 6 potions of might
 G - 6 potions of mutation
 I - a potion of berserk rage
 Y - 5 potions of haste
Miscellaneous
 k - a lightning rod (4/4)
 T - a box of beasts (inert)
 W - a phial of floods


   Skills:
 + Level 17.4 Fighting
 + Level 17.8 Axes
 + Level 17.2 Armour
 + Level 15.8 Dodging
 + Level 12.8 Evocations


You had 16 spell levels left.
You didn't know any spells.
Your spell library was empty.

Dungeon Overview and Level Annotations

Branches:
Dungeon (15/15)            Temple (0/1) D:5            Lair (5/5) D:11
 Shoals (4/4) Lair:3        Snake (1/4) Lair:2        Slime (1/5) Lair:5
    Orc (2/2) D:12            Elf (1/3) Orc:2        Vaults (0/5) D:13
 Depths (1/4) D:15        Volcano (visited)         Gauntlet (visited)

Altars:
Ashenzari
Elyvilon
Fedhas
Okawaru
Trog
Wu Jian
Xom
Jiyva
Lugonu

Shops:
D:10 [   Orc:2 (=?(

Portals:
Abyss: D:5
Trove: D:10 (give 3 scrolls of blinking)


Innate Abilities, Weirdness & Mutations

You have a pair of horns on your head.
You reflexively headbutt those who attack you in melee.
You occasionally lose the ability to read scrolls when taking damage.


Message History

The silver javelin pierces through you but does no damage.
The silver sears you!
* * * LOW HITPOINT WARNING * * *
The merfolk javelineer throws a silver javelin.
The silver javelin pierces through you!
* * * LOW HITPOINT WARNING * * *
The silver sears you!
* * * LOW HITPOINT WARNING * * *
Your skin crawls.
You feel strong-willed.
The merfolk javelineer throws a silver javelin.
The silver javelin pierces through you!
* * * LOW HITPOINT WARNING * * *
The silver sears you!
* * * LOW HITPOINT WARNING * * *
Blink to where?
Press: ? - help, Dir - move target
As you read the scroll of blinking, it crumbles to dust.
The merfolk aquamancer mumbles some strange words.
The merfolk aquamancer blinks!
The merfolk aquamancer points at you and mumbles some strange words.
The torrent of water hits you but does no damage.
You shrug off the wave.
The wave splashes down.
You hear a shout!
The merfolk aquamancer casts a spell at you.
The ball of steam hits you. You resist.
* * * LOW HITPOINT WARNING * * *
You see here a +0 pair of boots.
Found a barnacled rune of Zot and an azure gem.
The merfolk aquamancer is engulfed in a cloud of scalding steam.
You feel the effects of Trog's Hand fading.
The merfolk aquamancer is engulfed in a cloud of scalding steam.
The merfolk aquamancer points at you and mumbles some strange words.
The torrent of water hits you!!
* * * LOW HITPOINT WARNING * * *
You are knocked back by the torrent of water.
The wave splashes down.
The merfolk aquamancer casts a spell at you.
The torrent of water hits you!!
You die...

~(.~~~~..................~≈≈~....
...~~~.................~~~≈≈≈~~..
<.~~......"....~.....§§~~≈m≈.....
~~....~~.......))~.....#####.....
~~....~~.........~~~§m##...##~~..
~~.....[.#.......~~~..#.... #..##
...##[...#..~..~~~~~..'..φ..#...#
...##......~....~~~~~.#.♦...#....
...........~~.<.@~~~~.##...##~.~~
.......###..~~~~~~~~~~.#####~~..~
##....#####.).~~~~~~~~~... ~~~~..
##.......##...~~~~~~~..~~. ~~~~~.
..###.....).~~~~~~~≈~...~...~~~~.
..###...).)~~~~~≈≈≈≈~.......~~~~.
~~..~~.(...[~~~~~~≈≈~...#....~~~~
~~~..~..~....~~..~~~..### ..~~≈~~
~~~~~..~.....~..##.. ##.~~~~~


You could see a merfolk aquamancer.

Vanquished Creatures
  Saint Roka (Orc:2)
  Jorgrun (D:13)
  Rupert (Orc:2)
  2 krakens (Shoals:3)
  A cacodemon (Gauntlet)
  An orc warlord (Orc:1)
  A minotaur (Gauntlet)
  The ghost of Pechyafi the Cleaver, a journeyman DDEE of Makhleb (Lair:2)
  The ghost of NitroKuite the Severer, a journeyman MiBe of Trog (Lair:5)
  8 merfolk impalers
  Josephine (Orc:2)
  A jiangshi (Depths:1)
  5 merfolk javelineers
  The ghost of Junaliek the Protected, a journeyman MiFi of Okawaru (Lair:2)
  The ghost of Wuvuatt the Impaler, a journeyman MiBe of Trog (Lair:2)
  The ghost of Reubyar the Impaler, a journeyman MiBe of Trog (Lair:2)
  2 ice dragons
  3 fire dragons
  2 vault guards (D:13)
  7 hydras
  The ghost of Qoesoec the Basher, a journeyman GrFi of Okawaru (Lair:2)
  An ironbound frostheart (D:13)
  7 centaur warriors
  3 alligators (Shoals:3)
  2 merfolk aquamancers (Shoals:4)
  A merfolk avatar (Shoals:1)
  3 boulder beetles
  A dancing weapon (Volcano)
  2 two-headed ogres
  2 alligator snapping turtles (Shoals:3)
  An ogre mage (Orc:1)
  4 satyrs
  The ghost of vbillard the Destroyer, a journeyman DECj of Vehumet (D:9)
  17 death yaks
  An orc high priest (Orc:1)
  3 demonic crawlers (D:12)
  2 occultists (Volcano)
  Sonja (Lair:4)
  3 skysharks
  A goliath frog (Shoals:3)
  A glowing orange brain (D:12)
  16 sea snakes
  2 deep elf zephyrmancers (Orc:2)
  15 harpies
  4 orc knights
  5 deep elf pyromancers
  7 ugly things
  2 wolf spiders
  5 orc sorcerers
  A worldbinder (Gauntlet)
  6 cyclopes
  A salamander (Lair:2)
  6 fauns
  15 manticores
  3 merfolk sirens
  3 meliai (D:14)
  5 toenail golems (Volcano)
  A moth of wrath (Gauntlet)
  4 kobold blastminers (Orc:2)
  5 water nymphs
  5 black mambas
  2 gargoyles
  7 cane toads
  8 unseen horrors
  Jeremiah (D:6)
  3 yaktaurs
  6 komodo dragons
  A kobold demonologist (D:12)
  An efreet (D:12)
  Maggie (D:7)
  23 merfolk
  4 trolls
  8 polar bears
  4 hornets (Lair:5)
  Grinder (D:6)
  5 dream sheep
  24 blink frogs
  8 snapping turtles
  A glass eye (D:12)
  11 slime creatures
  14 spriggans (Lair:5)
  4 vampires
  An air elemental (D:12)
  10 wyverns
  14 yaks
  A centaur simulacrum (D:14)
  A shadow (D:11)
  5 wraiths
  3 water elementals (Shoals:4)
  Eustachio (D:5)
  A fire bat (shapeshifter) (D:13)
  5 basilisks
  8 humans
  5 wargs
  A steam dragon (D:9)
  A fire elemental (D:12)
  Menkaure (D:7)
  Edmund (D:6)
  5 vampire mosquitoes
  4 acid dragons
  Duvessa (D:7)
  9 water moccasins
  An ice beast (D:6)
  45 orc warriors
  8 black bears
  A sky beast (D:7)
  2 laughing skulls (D:15)
  8 ogres
  6 boggarts
  29 wolves
  21 centaurs
  2 phantoms (D:15)
  4 kobold brigands
  9 bullfrogs
  3 gnoll sergeants
  3 scorpions
  3 small abominations (D:12)
  An earth elemental (D:12)
  A wight (D:10)
  A hornet simulacrum (D:15)
  Dowan (D:7)
  3 killer bees (D:11)
  6 howler monkeys
  2 electric eels (Lair:3)
  A bombardier beetle (D:6)
  3 lava snakes (Lair:2)
  A jelly (D:4)
  2 hounds (D:6)
  9 orc priests
  2 gnoll boudas
  A sleepcap (D:7)
  4 iguanas
  16 orc wizards
  21 gnolls
  7 adders
  2 shadow imps
  3 dart slugs (D:1)
  2 ribbon worms
  75 orcs
  3 endoplasms
  3 giant cockroaches
  4 goblins
  10 hobgoblins
  17 kobolds
  2 quokkas (D:2)
  8 ball pythons
  11 bats
  A frilled lizard (D:1)
  5 rats
  4 tentacles (Shoals:3)
803 creatures vanquished.

Vanquished Creatures (collateral kills)
  A merfolk impaler (Shoals:4)
  A faun (Shoals:2)
  A merfolk siren (Shoals:2)
  A merfolk (Shoals:3)
  A snapping turtle (Shoals:3)
  5 orc warriors (Orc:2)
  3 orcs (Orc:2)
  A tentacle (Shoals:3)
14 creatures vanquished.

Vanquished Creatures (others)
  A water elemental (D:12)
  A black bear (D:6)
  A sleepcap (D:6)
  4 spectral weapons
  7 tentacles (Shoals:3)
14 creatures vanquished.

Grand Total: 831 creatures vanquished

Notes
Turn   | Place    | Note
-------+----------+-------------------------------------------
     0 | D:1      | mtoz the Minotaur Berserker began the quest for the Orb.
     0 | D:1      | Reached XP level 1. HP: 19/19 MP: 0/0
   169 | D:1      | Reached XP level 2. HP: 27/27 MP: 1/1
   536 | D:1      | Reached XP level 3. HP: 33/33 MP: 2/2
   882 | D:2      | Found a faded altar of an unknown god.
  1637 | D:3      | Found a bloodstained altar of Trog.
  1711 | D:3      | Found a shimmering altar of Xom.
  1817 | D:3      | Reached ** piety under Trog
  1857 | D:3      | Reached XP level 4. HP: 41/41 MP: 3/3
  2380 | D:4      | Identified the +7 dagger "Ybahaotu" {freeze, rF+ rC+}
  2499 | D:4      | Reached XP level 5. HP: 39/47 MP: 4/4
  3176 | D:5      | Entered Level 5 of the Dungeon
  3185 | D:4      | Reached skill level 5 in Fighting
  3185 | D:4      | Reached skill level 5 in Axes
  3244 | D:5      | Reached XP level 6. HP: 54/56 MP: 5/5
  3481 | D:5      | Found a broken altar of Ashenzari.
  3517 | D:5      | Noticed Eustachio
  3584 | D:5      | Found a large runed translucent door.
  3584 | D:5      | Found a large runed translucent door.
  3589 | D:5      | Found a corrupted altar of Lugonu.
  3623 | D:5      | Found a one-way gate to the infinite horrors of the Abyss.
  3863 | D:5      | Killed Eustachio
  3864 | D:5      | Reached skill level 5 in Armour
  3864 | D:5      | Reached XP level 7. HP: 62/62 MP: 6/6
  3959 | D:5      | Found a staircase to the Ecumenical Temple.
  4247 | D:5      | Reached skill level 5 in Dodging
  4455 | D:6      | Reached skill level 1 in Evocations
  4458 | D:6      | Noticed Edmund
  4474 | D:6      | Killed Edmund
  4475 | D:6      | Reached XP level 8. HP: 64/71 MP: 7/7
  4548 | D:6      | Noticed Grinder
  4561 | D:6      | Killed Grinder
  4758 | D:6      | Noticed Jeremiah
  4777 | D:6      | Killed Jeremiah
  4986 | D:6      | Reached XP level 9. HP: 75/79 MP: 8/8
  5298 | D:7      | Noticed Dowan
  5302 | D:7      | Noticed Duvessa
  5311 | D:7      | Killed Duvessa
  5322 | D:7      | Killed Dowan
  5813 | D:7      | Found a white marble altar of Elyvilon.
  5817 | D:7      | Found an iron altar of Okawaru.
  5830 | D:7      | Noticed Menkaure
  5836 | D:7      | Killed Menkaure
  6273 | D:7      | Noticed Maggie
  6285 | D:7      | Killed Maggie
  6632 | D:8      | Noticed a two-headed ogre
  6641 | D:8      | Killed a two-headed ogre
  6642 | D:8      | Reached XP level 10. HP: 90/90 MP: 6/9
  7167 | D:9      | Reached skill level 5 in Evocations
  7190 | D:9      | Found a runed translucent door.
  7486 | D:9      | Noticed vbillard's ghost (journeyman DECj)
  7501 | D:9      | Killed vbillard's ghost
  7542 | D:10     | Entered Level 10 of the Dungeon
  7582 | D:10     | Noticed a gargoyle
  7621 | D:10     | Killed a gargoyle
  7663 | D:10     | Found a portal to a secret trove of treasure.
  7750 | D:10     | Reached skill level 10 in Axes
  7909 | D:10     | Found Jaoles's Armour Shoppe.
  8459 | D:11     | Found the +6 shillelagh "Devastator" {shatter}
  8563 | D:11     | Reached skill level 10 in Fighting
  8563 | D:11     | Reached XP level 11. HP: 99/99 MP: 10/10
  8624 | D:11     | Found a staircase to the Lair.
  9232 | Lair:1   | Entered Level 1 of the Lair of Beasts
  9232 | Lair:1   | Noticed a death yak
  9255 | Lair:1   | Noticed a death yak
  9256 | Lair:1   | Noticed a death yak
  9263 | D:11     | Killed a death yak
  9264 | D:11     | Reached skill level 10 in Armour
  9295 | Lair:1   | Noticed a death yak
  9295 | Lair:1   | Noticed a death yak
  9305 | D:11     | Killed a death yak
  9309 | D:11     | Killed a death yak
  9485 | D:11     | Killed a death yak
  9490 | D:11     | Killed a death yak
  9490 | D:11     | Reached *** piety under Trog
  9636 | Lair:1   | Noticed a death yak
  9650 | D:11     | Killed a death yak
 10391 | Lair:2   | Found a gate leading to a gauntlet.
 10400 | Gauntlet | Entered a Gauntlet
 10400 | Gauntlet | Found a transporter.
 10409 | Gauntlet | Found a transporter.
 10424 | Gauntlet | Found a transporter.
 10429 | Gauntlet | Found a transporter.
 10429 | Gauntlet | Noticed a death scarab
 10431 | Gauntlet | Noticed a death scarab
 10446 | Gauntlet | Found a transporter.
 10464 | Gauntlet | Found a transporter.
 10464 | Gauntlet | Noticed a lightning spire
 10476 | Gauntlet | Found a transporter.
 10477 | Gauntlet | Noticed a cacodemon
 10485 | Gauntlet | Noticed a green death
 10488 | Gauntlet | Found a transporter.
 10497 | Gauntlet | Noticed a death drake
 10500 | Gauntlet | Found a transporter.
 10506 | Gauntlet | Found a transporter.
 10506 | Gauntlet | Found a transporter.
 10521 | Gauntlet | Found a transporter.
 10522 | Gauntlet | Noticed a catoblepas
 10538 | Gauntlet | Found a transporter.
 10577 | Gauntlet | Found a transporter.
 10604 | Gauntlet | Found a transporter.
 10624 | Gauntlet | Found a transporter.
 10702 | Gauntlet | Found a transporter.
 10830 | Gauntlet | Found a transporter.
 10831 | Gauntlet | Noticed an arcanist
 10837 | Gauntlet | Reached skill level 10 in Dodging
 10838 | Gauntlet | Reached XP level 12. HP: 91/110 MP: 11/11
 10984 | Gauntlet | Gained mutation: You occasionally lose the ability to read
                  | scrolls when taking damage. [a cacodemon]
 10990 | Gauntlet | Killed a cacodemon
 11009 | Gauntlet | Identified the +1 pair of boots of the Tired Artists {rC+
                  | SInv}
 11070 | Gauntlet | Noticed a minotaur
 11077 | Gauntlet | Killed a minotaur
 11435 | Lair:2   | Found a staircase to the Snake Pit.
 11517 | Snake:1  | Entered Level 1 of the Snake Pit
 11804 | Lair:2   | Noticed a four-headed hydra
 11813 | Lair:2   | Killed a four-headed hydra
 11987 | Lair:2   | Found a runed translucent gate.
 11988 | Lair:2   | Found a runed translucent gate.
 11989 | Lair:2   | Found a runed translucent gate.
 11989 | Lair:2   | Noticed Reubyar's ghost (journeyman MiBe)
 11991 | Lair:2   | Noticed Wuvuatt's ghost (journeyman MiBe)
 11991 | Lair:2   | Noticed Qoesoec's ghost (journeyman GrFi)
 11991 | Lair:2   | Noticed Pechyafi's ghost (journeyman DDEE)
 11991 | Lair:2   | Noticed Junaliek's ghost (journeyman MiFi)
 12302 | Lair:2   | Killed Reubyar's ghost
 12305 | Lair:2   | Killed Qoesoec's ghost
 12306 | Lair:2   | Killed Junaliek's ghost
 12313 | Lair:2   | Killed Pechyafi's ghost
 12317 | Lair:2   | Killed Wuvuatt's ghost
 12341 | Lair:2   | Identified the +1 leather armour of Proximity {Str+2 Int+3}
 12750 | Lair:3   | Found a staircase to the Shoals.
 12751 | Lair:3   | Noticed a death yak
 12761 | Lair:3   | Killed a death yak
 12857 | Lair:3   | Noticed a death yak
 12867 | Lair:3   | Noticed a death yak
 12867 | Lair:3   | Noticed a death yak
 12874 | Lair:3   | Noticed a death yak
 12875 | Lair:3   | Noticed a death yak
 12922 | Lair:2   | Reached XP level 13. HP: 109/119 MP: 7/12
 13667 | Shoals:1 | Entered Level 1 of the Shoals
 13733 | Lair:4   | Found a dark tunnel.
 13742 | Volcano  | Entered a volcano
 14446 | Lair:4   | Reached **** piety under Trog
 14808 | Lair:4   | Noticed Sonja
 14811 | Lair:4   | Killed Sonja
 15554 | Lair:5   | Entered Level 5 of the Lair of Beasts
 15630 | Lair:5   | Found a runed translucent gate.
 15630 | Lair:5   | Found a runed translucent gate.
 15630 | Lair:5   | Found a runed translucent gate.
 15631 | Lair:5   | Noticed NitroKuite's ghost (journeyman MiBe)
 15928 | Lair:5   | Reached XP level 14. HP: 130/130 MP: 10/13
 16321 | Lair:5   | Reached ***** piety under Trog
 16716 | Lair:5   | Identified the ring of Yrykufuuru {Wiz Fly rF+ rC++ Str-3}
 16805 | Lair:5   | Received a gift from Trog
 16807 | Lair:5   | Reached skill level 10 in Evocations
 16915 | Lair:5   | Found a blossoming altar of Fedhas.
 16942 | Lair:5   | Found a staircase to the Slime Pits.
 16948 | Lair:5   | Found a viscous altar of Jiyva.
 17257 | Lair:5   | Killed NitroKuite's ghost
 17302 | Lair:5   | Identified the +5 long sword of Zoqimadd {heavy, rF+}
 17343 | Slime:1  | Entered Level 1 of the Pits of Slime
 17343 | Slime:1  | Noticed an acid blob
 17886 | D:10     | Bought the +8 plate armour of the Dungeon {rN+} for 890
                  | gold pieces
 18034 | D:12     | Found a staircase to the Orcish Mines.
 18083 | D:12     | Reached skill level 15 in Axes
 18268 | D:12     | Found a large runed translucent door.
 18268 | D:12     | Found a large runed translucent door.
 18563 | D:12     | Received a gift from Trog
 18947 | D:12     | Paralysed by an air elemental for 1 turns
 18951 | D:12     | Paralysed by an air elemental for 1 turns
 18953 | D:12     | Paralysed by an air elemental for 1 turns
 19058 | Orc:1    | Entered Level 1 of the Orcish Mines
 19274 | Orc:1    | Found an ornate altar of the Wu Jian Council.
 19274 | Orc:1    | Found a transporter.
 19291 | Orc:1    | Found a transporter.
 19298 | Orc:1    | Found a transporter.
 19462 | Orc:1    | Found a transporter.
 19463 | Orc:1    | Found an ornate altar of the Wu Jian Council.
 19463 | Orc:1    | Noticed an orc warlord
 20028 | Orc:2    | Entered Level 2 of the Orcish Mines
 20155 | Orc:2    | Noticed Josephine
 20163 | Orc:2    | Killed Josephine
 20319 | Orc:2    | Noticed Saint Roka
 20332 | Orc:2    | Killed Saint Roka
 20333 | Orc:2    | Reached skill level 15 in Fighting
 20333 | Orc:2    | Reached XP level 15. HP: 141/141 MP: 6/14
 20340 | Orc:2    | Noticed Rupert
 20355 | Orc:2    | Killed Rupert
 20638 | Orc:2    | Found a staircase to the Elven Halls.
 20995 | Orc:2    | Found Buomomm's Jewellery Emporium.
 20995 | Orc:2    | Found Aclitrat's Magic Scroll Shop.
 20997 | Orc:2    | Found Oza Osa's Antique Weapon Boutique.
 20999 | Orc:2    | Found Ruhez's Weapon Shoppe.
 21365 | Orc:1    | Reached skill level 15 in Armour
 21586 | Elf:1    | Entered Level 1 of the Elven Halls
 22437 | D:13     | Noticed Jorgrun
 22457 | D:13     | Killed Jorgrun
 22642 | D:13     | Found a gate to the Vaults.
 23235 | D:15     | Entered Level 15 of the Dungeon
 23889 | D:15     | Identified the +4 flail of Kismet {vamp, Int+6 Dex+3}
 24202 | D:15     | Found a staircase to the Depths.
 24395 | Depths:1 | Entered Level 1 of the Depths
 24516 | D:13     | Reached XP level 16. HP: 137/151 MP: 12/15
 25531 | Shoals:1 | Reached skill level 15 in Dodging
 25963 | Shoals:1 | Found a gateway to a bazaar.
 25975 | Bazaar   | Entered a bazaar
 26007 | Bazaar   | Found Roifabra's Assorted Antiques.
 26016 | Bazaar   | Found Quewy's Weapon Shop.
 26030 | Bazaar   | Found Kemodi's Weapon Shoppe.
 26065 | Bazaar   | Found Fuduamp's Jewellery Shoppe.
 26073 | Bazaar   | Found Lemifudie's Assorted Antiques.
 26450 | Shoals:4 | Entered Level 4 of the Shoals
 27118 | Shoals:2 | Identified the +1 sling "Bocvuica" {antimagic, rC+ Int+3}
 27583 | Shoals:3 | Noticed a kraken
 27591 | Shoals:3 | Killed a kraken
 27972 | Shoals:3 | Identified the +1 animal skin of the Garden {rElec}
 27973 | Shoals:3 | Noticed a kraken
 27984 | Shoals:3 | Killed a kraken
 28534 | Shoals:4 | Reached XP level 17. HP: 43/161 MP: 3/16
 29446 | Shoals:4 | HP: 4/162 [merfolk aquamancer/torrent of water (31)]
 29447 | Shoals:4 | Killed from afar by a merfolk aquamancer

Illustrated notes

Levels and vault maps discovered:
D:1:      lightli_arrival_chessboard, layout_loops_ring, minmay_split_cup_small
D:2:      layout_loops_ring, shapermc_ecumenical_altar_petra,
          serial_bayou_ford_a
D:3:      layout_rooms, mainiacjoe_overflow_big_doors
D:4:      layout_basic
D:5:      due_chaos_kobolds, layout_basic, lemuel_coloured_pillars_altar,
          minmay_temple_entry_nine_rooms, serial_park_tiny_pond, uniq_eustachio
D:6:      layout_rooms, lemuel_flamethrower_2, uniq_edmund, uniq_jeremiah,
          uniq_grinder
D:7:      layout_layer_cave, grunt_temple_overflow_open, uniq_menkaure,
          uniq_maggie, uniq_duvessa
D:8:      layout_rooms, grunt_decor_resistance, kennysheep_generic_room_6
D:9:      layout_rooms, ebering_ghost_reflecting_pool
D:10:     layout_cave_pools, nicolae_trove_entry_isolated, serial_shops, shop,
          wad_rectangle_vault
D:11:     layout_long_grid, david_lair_generic
D:12:     cheibrodos_hippocracy, layout_cave_pools, david_orc_5,
          lightli_elemental_guards
D:13:     layout_basic, hellmonk_vaults_keyhole, uniq_jorgrun
D:14:     layout_rooms
D:15:     grunt_enter_depths_hoard, layout_cave_pools, minmay_misc_feat_roman,
          minmay_misc_feat_more_columns, hangedman_batty
Lair:1:   layout_misc_corridors, portal_ice_cave_entry_pillars_2, minivault_25,
          grunt_megastairs_4
Lair:2:   layout_cave_pods, nicolae_snake_entry_warm_welcome,
          gauntlet_entry_generic, gammafunk_ghost_cemetery, lemuel_fruit_fields,
          lemuel_fruit_fields
Lair:3:   layout_chaotic_city, minmay_shoals_entry_centaurs, wad_woods_river_01,
          lemuel_fruit_tree
Lair:4:   layout_regular_city, nicolae_volcano_entry_lava_flow, uniq_sonja
Lair:5:   minmay_lair_end_enchanted_forest, layout_regular_city, slime_entry_1,
          gammafunk_ghost_hydra_chop, basic_altar, st_stairs_7,
          serial_bayou_shore_b
Shoals:1: layout_shoals, serial_shops, bzr_firewalk, nicolae_shoals_so_close
Shoals:2: layout_shoals, nicolae_shoals_pincushion_passage
Shoals:3: argonaut_golden_fleece, layout_shoals, nicolae_shoals_goliath_grotto
Shoals:4: shoals_end_simple, layout_shoals, yaktaur_hedge
Snake:1:  layout_layer_cave, minmay_snake_pond, nicolae_triple_integral,
          uniq_donald
Slime:1:  layout_caves
Orc:1:    dreamdust_wu_jian_sword_trials, layout_diamond_mine,
          nicolae_orc_minecarts
Orc:2:    st_orc_rangers, layout_diamond_mine, nicolae_orc_pool_cavern,
          nicolae_orc_lost_temple, uniq_rupert, uniq_saint_roka, uniq_josephine
Elf:1:    minmay_elf_arrival_summoners, layout_gridlike, hangedman_elf_disciples
Depths:1: layout_gridlike, enter_ziggurat_d, pan_entry, nrook_pool_corridor,
          grunt_mini_vestibule, abyss_entry_crystal, serial_shops, shop,
          minmay_variable_closet, minmay_misc_feat_columns, roderic_lattice_a,
          grunt_gozag_breadcrumbs

Skill      XL: |  1  2  3  4  5  6  7  8  9 10 11 12 13 14 15 16 |
---------------+-------------------------------------------------+-----
Fighting       | 4 5 6 7 8 10 11 12 13 15 16 17 | 17.4
Axes           | 4 5 6 7 8 10 11 13 14 15 16 17 | 17.8
Armour         | 3 4 5 7 8 9 10 12 13 14 15 17 | 17.2
Dodging        | 3 4 5 6 7 8 10 11 12 13 14 15 | 15.8
Evocations     | 1 3 4 5 7 8 9 10 11 12 | 12.8

Action                     |  1- 3 |  4- 6 |  7- 9 | 10-12 | 13-15 | 16-18 || total
---------------------------+-------+-------+-------+-------+-------+-------++-------
  Melee: Hand axe          |    87 |   126 |   127 |       |       |       ||   340
         Headbutt          |    10 |    13 |    31 |    87 |   127 |    65 ||   333
         Punch             |     3 |     3 |     2 |     5 |       |       ||    13
         War axe           |       |       |    42 |   214 |       |       ||   256
         Shillelagh        |       |       |       |    61 |     4 |       ||    65
         Battleaxe         |       |       |       |   144 |   285 |       ||   429
         Executioner's axe |       |       |       |       |   436 |   324 ||   760
 Invoke: Trog's Hand       |       |    11 |     6 |    19 |    34 |    23 ||    93
         Berserk           |       |     5 |     5 |    10 |     2 |     2 ||    24
         Brothers in Arms  |       |       |       |       |     4 |     4 ||     8
Ability: Begin Untransform |       |       |       |       |     1 |       ||     1
  Evoke: Lightning rod     |       |       |       |     2 |    13 |     5 ||    20
         Wand              |       |       |       |     1 |    20 |    27 ||    48
         Phial of floods   |       |       |       |     1 |     2 |     1 ||     4
         Box of beasts     |       |       |       |     1 |     2 |     3 ||     6
    Use: Scroll            |       |     2 |       |    15 |     9 |     7 ||    33
         Potion            |       |       |     2 |     6 |     4 |     4 ||    16
   Stab: Distracted        |       |       |       |       |     3 |       ||     3
 Armour: Animal skin       |    41 |    33 |       |       |       |       ||    74
         Plate armour      |       |    74 |   158 |   593 |  1087 |   757 ||  2669
         Chain mail        |       |     4 |       |       |       |       ||     4
  Dodge: Dodged            |    51 |    68 |    67 |   314 |   652 |   422 ||  1574
   Form: Maw               |       |       |       |       |     1 |       ||     1
